Map: [ESL] Gresvan

Players

ShoWTimE

  • Race: Protoss Protoss
  • League: Grandmaster
  • Spawn Location: 5:00

Serral - Winner!

  • Race: Zerg Zerg
  • Spawn Location: 11:00

Event: HomeStory Cup XXIII

VOD

Have the link to the VOD?

Description

Time

  • Played on: July 1, 2023, 2:24 p.m.
  • Length: 9:03

All games in this series

Show
View Real Time Build Order
Export as new Build Order

ShoWTimE Protoss 

Build Orders: 1 Gate Expand, Oracle Opening 

Get SALT Encoding   

  12  0:00  Probe  
  13  0:12  Probe  
  14  0:19  Pylon  
  14  0:24  Probe  
  15  0:33  Assimilator  
  15  0:37  Probe (Chrono Boost)  
  15  0:42  Gateway  
  16  0:49  Probe (Chrono Boost)  
  17  0:56  Probe (Chrono Boost)  
  18  1:03  Probe  
  19  1:15  Probe  
  20  1:23  Nexus  
  20  1:31  Cybernetics Core  
  20  1:35  Probe  
  21  1:40  Assimilator  
  21  1:47  Probe  
  21  1:49  Pylon  
  22  1:59  Probe  
  23  2:05  Adept (Chrono Boost)  
  23  2:08  Warp Gate  
  25  2:11  Probe  
  26  2:20  Stargate  
  26  2:23  Probe  
  26  2:27  Stalker (Chrono Boost)  
  29  2:35  Probe (Chrono Boost)  
  31  2:41  Probe (Chrono Boost)  
  32  2:45  Probe (Chrono Boost)  
  32  2:49  Probe (Chrono Boost), Adept  
  32  2:50  Probe (Chrono Boost)  
  36  2:59  Probe  
  36  3:01  Probe  
  36  3:02  Oracle (Chrono Boost)  
  41  3:09  Gateway  
  41  3:12  Probe  
  42  3:13  Probe  
  42  3:16  Pylon  
  43  3:24  Probe  
  43  3:25  Probe  
  45  3:32  Oracle (Chrono Boost)  
  45  3:34  Adept  
  45  3:37  Probe  
  45  3:38  Probe  
  45  3:40  Pylon  
  52  3:49  Probe  
  52  3:50  Probe  
  54  4:02  Probe  
  53  4:03  Probe  
  53  4:04  Adept  
  53  4:07  Oracle (Chrono Boost)  
  54  4:11  Nexus  
  54  4:13  Pylon  
  54  4:15  Probe  
  54  4:16  Probe  
  59  4:18  Adept  
  59  4:22  Assimilator  
  61  4:24  Assimilator  
  61  4:27  Probe  
  61  4:30  Pylon  
  63  4:31  Probe  
  63  4:43  Probe  
  64  4:45  Probe  
  64  4:48  Adept x2  
  69  4:55  Forge  
  69  4:56  Probe, Robotics Facility  
  69  4:58  Probe  
  71  5:01  Gateway  
  71  5:08  Pylon  
  71  5:09  Probe  
  71  5:10  Sentry x2  
  71  5:11  Probe  
  77  5:20  Shield Battery  
  77  5:21  Probe, Pylon, Protoss Ground Weapons Level 1 (Chrono Boost)  
  78  5:23  Probe x2  
  78  5:33  Probe  
  78  5:35  Probe x2  
  80  5:36  Gateway  
  80  5:41  Immortal (Chrono Boost)  
  81  5:44  Sentry  
  81  5:45  Probe, Stalker  
  81  5:47  Probe x2  
  81  5:49  Pylon  
  92  5:52  Assimilator  
  92  5:57  Probe  
  92  5:59  Probe  
  92  6:00  Probe  
  95  6:04  Stalker, Assimilator  
  95  6:06  Pylon  
  95  6:09  Probe  
  95  6:10  Immortal (Chrono Boost)  
  98  6:11  Probe  
  98  6:14  Robotics Bay  
  98  6:16  Twilight Council  
  98  6:18  Probe  
  104  6:23  Photon Cannon  
  104  6:26  Stalker x2  
  104  6:29  Stalker  
  104  6:32  Zealot  
  112  6:39  Warp Prism (Chrono Boost)  
  112  6:45  Gateway  
  112  6:46  Pylon  
  114  6:50  Gateway  
  114  6:54  Charge, Gateway  
  114  6:57  Dark Shrine  
  114  6:59  Gateway  
  114  7:03  Gateway  
  114  7:05  Zealot  
  114  7:07  Observer (Chrono Boost)  
  117  7:12  Probe x2  
  117  7:13  Probe  
  120  7:20  Disruptor  
  123  7:24  Nexus  
  123  7:26  Pylon  
  123  7:28  Zealot x2  
  127  7:32  Stalker  
  127  7:36  Stalker  
  131  7:42  Pylon  
  127  7:44  Pylon  
  127  7:45  Probe  
  127  7:49  Probe  
  123  7:58  Probe x2  
  123  7:59  Shield Battery  
  123  8:01  Probe, Disruptor, Pylon  
  123  8:04  Pylon  
  127  8:10  Photon Cannon  
  127  8:14  Dark Templar x5  
  127  8:18  Archon x2  
  127  8:19  Dark Templar x2  
  141  8:28  Archon  
  127  8:35  Zealot x2  
  127  8:40  Probe x4  
  132  8:41  Assimilator  
  132  8:45  Assimilator  
  132  8:53  Dark Templar x4  
  142  8:56  Gateway x2  
  142  9:00  Shield Battery  
Show
View Real Time Build Order
Export as new Build Order

Serral Zerg - Winner!

Build Orders: Hatch First 

Get SALT Encoding   

  12  0:00  Drone  
  13  0:12  Overlord  
  13  0:16  Drone  
  14  0:30  Drone x2  
  16  0:47  Hatchery  
  15  0:51  Drone  
  15  0:54  Drone  
  17  0:57  Drone  
  18  1:10  Extractor  
  17  1:12  Spawning Pool  
  17  1:15  Drone  
  18  1:18  Drone  
  18  1:28  Drone  
  19  1:38  Drone  
  20  1:49  Drone  
  21  1:59  Queen x2  
  21  2:00  Overlord, Zergling x2  
  26  2:10  Drone  
  26  2:11  Drone  
  26  2:13  Metabolic Boost  
  28  2:21  Drone  
  28  2:22  Drone  
  30  2:32  Hatchery  
  29  2:38  Queen  
  29  2:41  Drone  
  29  2:42  Zergling x2  
  33  2:46  Overlord  
  33  2:49  Drone  
  34  2:52  Drone  
  34  2:54  Drone  
  36  3:04  Overlord  
  36  3:07  Queen  
  36  3:09  Drone x2  
  36  3:10  Drone  
  36  3:11  Drone  
  42  3:14  Drone  
  43  3:21  Drone, Queen  
  43  3:25  Drone  
  47  3:33  Overlord  
  47  3:36  Drone  
  47  3:39  Zergling x4  
  47  3:40  Zergling x2  
  47  3:41  Zergling x2  
  52  3:44  Queen  
  54  3:49  Drone x4  
  54  3:54  Drone x3  
  56  4:04  Drone x2  
  56  4:09  Drone  
  58  4:11  Drone  
  58  4:12  Drone  
  58  4:15  Overlord  
  60  4:17  Drone x3  
  60  4:21  Spore Crawler  
  60  4:23  Zergling x2, Spore Crawler  
  62  4:26  Overlord  
  62  4:29  Zergling x2  
  63  4:35  Drone, Roach Warren  
  63  4:37  Drone x3  
  63  4:38  Drone x2  
  66  4:44  Drone  
  66  4:45  Drone x2  
  67  4:47  Drone  
  67  4:50  Drone x2  
  70  4:56  Queen  
  70  4:58  Zergling x6  
  75  5:05  Hatchery  
  75  5:06  Drone x2  
  76  5:12  Lair  
  76  5:13  Extractor, Drone x2  
  76  5:14  Drone  
  78  5:15  Extractor  
  78  5:17  Overlord  
  78  5:18  Drone  
  78  5:19  Drone  
  79  5:21  Drone  
  79  5:22  Drone  
  79  5:26  Drone  
  79  5:27  Drone x2  
  81  5:29  Drone  
  82  5:36  Overlord  
  82  5:37  Drone x4, Evolution Chamber  
  82  5:41  Drone x2  
  82  5:42  Overlord  
  87  5:43  Drone x3  
  87  5:45  Extractor  
  87  5:46  Extractor  
  87  5:49  Drone  
  88  5:52  Drone  
  88  5:53  Overlord  
  88  5:55  Overlord  
  88  5:56  Drone x2  
  88  5:57  Drone x2  
  91  6:00  Drone  
  93  6:05  Overlord  
  93  6:08  Spore Crawler, Zergling x2  
  93  6:09  Zerg Melee Weapons Level 1, Glial Reconstitution  
  93  6:15  Zergling x8  
  93  6:17  Drone x2  
  93  6:18  Roach, Drone x2  
  101  6:24  Overlord  
  103  6:26  Roach x4  
  103  6:28  Overlord  
  103  6:31  Overlord  
  111  6:41  Roach x3  
  111  6:43  Spire  
  111  6:45  Overlord  
  116  6:48  Drone  
  116  6:50  Baneling Nest, Ravager x2  
  116  6:51  Roach x3  
  123  6:54  Extractor  
  123  6:55  Extractor, Overlord, Zergling x2  
  123  6:56  Roach x2, Zergling x8  
  130  7:04  Queen  
  130  7:07  Roach x3  
  138  7:11  Roach x2, Zergling x6  
  138  7:12  Ravager x2  
  147  7:17  Overlord  
  147  7:20  Drone x3  
  150  7:24  Overlord  
  150  7:29  Hatchery  
  149  7:39  Zergling x22  
  154  7:47  Zergling x20  
  154  7:50  Hatchery  
  157  8:03  Mutalisk x8  
  173  8:08  Mutalisk x2  
  176  8:14  Drone x3  
  176  8:18  Overlord  
  179  8:21  Zergling x20  
  185  8:28  Zergling x2  
  185  8:31  Zergling x2  
  185  8:34  Zergling x4  
  182  8:38  Zergling x6  
  182  8:41  Overseer  
  182  8:44  Zergling x2  
Tags
 
Add a new tag
Caveats
  • Supply blocks, unpowered buildings, or Contaminate may cause inaccurate times.
  • Supply counts are checked every 10 seconds.